 Dungeon Crawl Stone Soup version 0.28-a0-1429-gf3d713df7a (webtiles) character file.

Game seed: 4246226961639294287

2234 karrick the Basher (level 9, -1/55 HPs)
             Began as a Gargoyle Fighter on Jan 8, 2022.
             Was a Believer of Okawaru.
             Slain by a two-headed ogre (29 damage)
             ... on level 6 of the Dungeon.
             The game lasted 00:13:00 (7270 turns).

karrick the Basher (Gargoyle Fighter)               Turns: 7270, Time: 00:13:00

Health: -1/55      AC: 14    Str: 27    XL:     9   Next: 36%
Magic:  9/9        EV: 12    Int:  8    God:    Okawaru [**....]
Gold:   294        SH:  5    Dex: 13    Spells: 8/8 levels left

rFire   . . .      SeeInvis .   A - +1 whip (elec)
rCold   + + .      Faith    .   c - +0 buckler
rNeg    + . .      Spirit   .   j - +3 leather armour "Namur" {rC+ Str+8 Int-2}
rPois   ∞          Reflect  .   (no helmet)
rElec   +          Harm     .   (no cloak)
rCorr   .          Rampage  .   p - +0 pair of gloves
Will    .....                   (no boots)
Stlth   ++........              (no amulet)
HPRegen 0.18/turn               h - ring of protection from cold
MPRegen 0.11/turn               (no ring)

@: no status effects
A: sickness immunity, AC +6, negative energy resistance 1, electricity
resistance, torment resistance 1, petrification resistance
a: Renounce Religion, Heroism


You were on level 6 of the Dungeon.
You worshipped Okawaru.
Okawaru was pleased with you.
You visited 2 branches of the dungeon, and saw 9 of its levels.

You collected 294 gold pieces.

Inventory:

Hand Weapons
 a - a +0 flail
 l - a +0 mace of holy wrath
 r - the +1 mace "Giymaneu" {vorpal, rPois rN+ Dex+5}
   (You found it on level 5 of the Dungeon)

   It inflicts extra damage upon your enemies.
   Dex:       It affects your dexterity (+5).
   rPois:     It protects you from poison.
   rN:        It protects you from negative energy.
 A - a +1 whip of electrocution (weapon)
Missiles
 u - 2 boomerangs (quivered)
Armour
 b - a +0 scale mail
 c - a +0 buckler (worn)
 j - the +3 leather armour "Namur" (worn) {rC+ Str+8 Int-2}
   (You found it on level 2 of the Dungeon)

   Str:       It affects your strength (+8).
   Int:       It affects your intelligence (-2).
   rC:        It protects you from cold.
 p - a +0 pair of gloves (worn)
 y - the +0 ring mail of the Sparrow {Stlth+}
   (You found it on level 6 of the Dungeon)

   Stlth:     It makes you more stealthy.
Jewellery
 h - a ring of protection from cold (left hand)
Wands
 d - a wand of flame (9)
Scrolls
 e - a scroll of amnesia {unknown}
 f - 4 scrolls of summoning {unknown}
 g - 8 scrolls of identify {unknown}
 i - 3 scrolls of fear {unknown}
 n - a scroll of acquirement {unknown}
 o - a scroll of teleportation {unknown}
 q - 3 scrolls of blinking {unknown}
 s - a scroll of enchant weapon {unknown}
 w - a scroll of noise {unknown}
 x - a scroll of magic mapping {unknown}
 z - a scroll of enchant armour {unknown}
 B - a scroll of vulnerability {unknown}
 D - a scroll of silence {unknown}
Potions
 k - a potion of flight {unknown}
 m - 3 potions of curing
 t - a potion of magic
 v - a potion of brilliance {unknown}
 C - a potion of lignification {unknown}


   Skills:
 + Level 6.0 Fighting
 + Level 8.3 Maces & Flails
 + Level 5.1 Armour
 + Level 3.8 Dodging
 + Level 3.1 Stealth
 + Level 5.5 Shields


You had 8 spell levels left.
You didn't know any spells.
Your spell library was empty.

Dungeon Overview and Level Annotations

Branches:
Dungeon (8/15)             Temple (1/1) D:6            Lair (0/6) D:8

Altars:
Cheibriados
Elyvilon
Fedhas
Gozag
Hepliaklqana
Kikubaaqudgha
Nemelex Xobeh
Okawaru
Qazlal
Ru
Sif Muna
Trog
Uskayaw
Vehumet
Wu Jian
Xom
Yredelemnul
Zin
The Shining One

Shops:
D:5 *   D:7 [[?

Annotations:
D:8 Erica


Innate Abilities, Weirdness & Mutations

You are immune to sickness and miasma.
Your stone body is resilient. (AC +6)
You are immune to poison.
You resist negative energy. (rN+)
You are resistant to electric shocks. (rElec)
You are resistant to unholy torment.
You are immune to petrification.


Message History

Okawaru accepts your kill.
Your Fighting skill increases to level 6!
No target in view!
No target in view!
No target in view!
No target in view!
No target in view!
No target in view!
No target in view!
No target in view!
No target in view!
No target in view!
No target in view!
No target in view!
No target in view!
The two-headed ogre shouts in stereo!
There is a stone staircase leading down here.
You hear the crackle of electricity.
A - a +1 whip of electrocution (weapon)
You barely miss the two-headed ogre.
The two-headed ogre hits you but does no damage.
The two-headed ogre misses you.
You hit the two-headed ogre.
The two-headed ogre is lightly wounded.
You barely miss the two-headed ogre.
The two-headed ogre is lightly wounded.
The two-headed ogre hits you with a +0 giant club.
You block the two-headed ogre's attack.
You hit the two-headed ogre.
The two-headed ogre is moderately wounded.
You whack the two-headed ogre!
The two-headed ogre is moderately wounded.
The two-headed ogre closely misses you.
The two-headed ogre hits you with a +0 giant spiked club!!
You hit the two-headed ogre but do no damage.
Lightning courses through the two-headed ogre!!
The two-headed ogre is severely wounded.
The two-headed ogre hits you with a +0 giant club!!
Ouch! That really hurt!
You die...

.............#......≈.[..
#...###...##.##.....≈...>
#...# ##.###.##.....≈.... #
#...# #.# #.##.##..≈....
#..##...####.###.##.#..#≈#...
....................#..#≈≈≈≈≈
#..###..####...O.......###...
#..# #O###.#####.......
#..####@###.# #.######
#.<)........# #.#
#..####.##### #.# ...... ..#
#.# ####..## ### #######.###
#..# #.........# ....
#.#####.#.# ##..# ...#.####
#..# ##.#.#######.....


You could see a two-headed ogre.

Vanquished Creatures
  Pikel (D:7)
  A wraith (D:7)
  Menkaure (D:4)
  3 black bears
  An ogre (D:5)
  2 necrophages
  A centaur (D:5)
  3 lemures (D:8)
  A phantom (D:7)
  2 bullfrogs
  2 scorpions
  A howler monkey (D:5)
  2 centaur zombies
  3 orc priests (D:2)
  A gnoll shaman (D:8)
  2 hounds (D:5)
  A centaur skeleton (D:7)
  2 orc wizards (D:5)
  An iguana (D:4)
  A howler monkey zombie (D:5)
  4 gnolls (D:8)
  5 adders
  An ufetubus (D:6)
  3 adder skeletons
  A worm (D:2)
  3 dart slugs
  24 orcs
  9 ball pythons
  4 bats
  10 endoplasms
  3 giant cockroaches
  9 goblins
  4 hobgoblins
  2 quokkas
  10 kobolds
  A quokka skeleton (D:4)
  8 rats
133 creatures vanquished.

Vanquished Creatures (others)
  2 plants (D:1)
2 creatures vanquished.

Grand Total: 135 creatures vanquished

Notes
Turn   | Place    | Note
-------+----------+-------------------------------------------
     0 | D:1      | karrick the Gargoyle Fighter began the quest for the Orb.
     0 | D:1      | Reached XP level 1. HP: 14/14 MP: 1/1
   287 | D:1      | Reached XP level 2. HP: 8/19 MP: 2/2
   876 | D:1      | Reached XP level 3. HP: 16/23 MP: 3/3
  1494 | D:2      | Identified the +3 leather armour "Namur" {rC+ Str+8 Int-2}
  1858 | D:3      | Reached XP level 4. HP: 29/29 MP: 4/4
  2192 | D:3      | Found a glowing golden altar of the Shining One.
  2550 | D:3      | Found a snail-covered altar of Cheibriados.
  2821 | D:2      | Reached skill level 3 in Maces & Flails
  2968 | D:2      | Reached XP level 5. HP: 29/33 MP: 5/5
  3149 | D:2      | Reached skill level 1 in Dodging
  3984 | D:4      | Reached skill level 4 in Maces & Flails
  3984 | D:4      | Reached XP level 6. HP: 35/38 MP: 6/6
  4098 | D:4      | Noticed Menkaure
  4122 | D:4      | Killed Menkaure
  4123 | D:4      | Reached skill level 1 in Stealth
  4566 | D:4      | Reached XP level 7. HP: 44/44 MP: 7/7
  4661 | D:4      | Reached skill level 5 in Maces & Flails
  4726 | D:5      | Entered Level 5 of the Dungeon
  4767 | D:5      | Found Ittegi's General Store.
  4771 | D:5      | Identified the +1 mace "Giymaneu" {vorpal, rPois rN+ Dex+5}
  5217 | D:5      | Reached skill level 6 in Maces & Flails
  5320 | D:5      | Reached XP level 8. HP: 44/48 MP: 8/8
  5717 | D:6      | Reached skill level 5 in Fighting
  5769 | D:6      | Noticed a two-headed ogre
  5889 | D:6      | Found a staircase to the Ecumenical Temple.
  5899 | Temple   | Entered the Ecumenical Temple
  5986 | Temple   | Became a worshipper of Warmaster Okawaru
  6014 | D:6      | Identified the +0 ring mail of the Sparrow {Stlth+}
  6075 | D:7      | Found Daot's Armour Shop.
  6113 | D:7      | Noticed Pikel
  6196 | D:8      | Found a blossoming altar of Fedhas.
  6252 | D:8      | Found a staircase to the Lair.
  6295 | D:8      | Noticed Erica
  6601 | D:7      | Killed Pikel
  6601 | D:7      | Reached * piety under Okawaru
  6602 | D:7      | Reached skill level 7 in Maces & Flails
  6602 | D:7      | Reached skill level 5 in Shields
  6602 | D:7      | Reached XP level 9. HP: 26/54 MP: 9/9
  6859 | D:7      | Reached skill level 5 in Armour
  6982 | D:7      | Noticed a troll
  7006 | D:7      | Reached skill level 8 in Maces & Flails
  7062 | D:7      | Found Feyst's Armour Shoppe.
  7188 | D:7      | Found Foeciut's Magic Scroll Shop.
  7239 | D:6      | Reached ** piety under Okawaru
  7270 | D:6      | Slain by a two-headed ogre

Illustrated notes

Levels and vault maps discovered:
D:1:      lightli_molten_gateway, layout_loops_ring, serial_bayou_pond_a,
          minmay_liquid_box, hangedman_decor_growths
D:2:      layout_basic, minmay_tromino_v7
D:3:      layout_loops_corners, mainiacjoe_overflow_swirl, minmay_cupped
D:4:      layout_rooms, uniq_menkaure
D:5:      layout_basic, serial_shops, nicolae_shop_crystal, minivault_24
D:6:      layout_loops_ring, minmay_temple_entry_water_ring
D:7:      minmay_the_grid_octo_triangle [minmay_the_grid_octo_77,
          minmay_the_grid_octo_prize_big_c, minmay_the_grid_octo_empty],
          layout_rooms, serial_shops,
          nicolae_shop_temple_entry_statues_fountains, nicolae_lakefront_shop,
          nicolae_shop_temple_entry_statues_fountains, nicolae_lakefront_shop,
          shop_fountains, lightli_orcish_oven, uniq_pikel
D:8:      layout_cave_pods, chequers_temple_overflow_statue_of_worship,
          mainiacjoe_overflow_alcove_2, lair_entry_dummy, uniq_erica,
          uniq_maurice
Temple:   compressed_dpeg_circular_temple

Skill      XL: |  1  2  3  4  5  6  7  8  9 |
---------------+----------------------------+-----
Armour         | 4 5 |  5.1
Maces & Flails | 3 4 6 7 8 |  8.3
Fighting       | 4 5 6 |  6.0
Dodging        | 1 2 3 |  3.8
Shields        | 4 5 |  5.5
Stealth        | 1 2 3 |  3.1

Action                   |  1- 3 |  4- 6 |  7- 9 || total
-------------------------+-------+-------+-------++-------
Melee: Flail             |   152 |   173 |    15 ||   340
       Mace              |       |       |   216 ||   216
       Whip              |       |       |     6 ||     6
  Use: Potion            |       |     1 |     4 ||     5
 Stab: Sleeping          |     1 |     1 |       ||     2
       Distracted        |       |       |     1 ||     1
Armor: Scale mail        |    94 |       |       ||    94
       Leather armour    |    22 |    88 |   118 ||   228
Dodge: Dodged            |    98 |    98 |   149 ||   345
Block: Buckler           |    49 |    50 |    71 ||   170

Table legend: (Time is in decaauts)
 A = Elapsed time spent in this place.
 B = Non-inter-level travel time spent in this place.
 C = Inter-level travel time spent in this place.
 D = Time resting spent in this place.
 E = Time spent auto-exploring this place.
 F = Levels seen in this place.
 G = Mean time per level.
                   A        B        C        D        E       F      G
               +--------+--------+--------+--------+--------+-----+--------+
         Total |   7409 |   7265 |    144 |    452 |   5390 |   9 |  823.2 |
       Dungeon |   7317 |   7176 |    141 |    452 |   5333 |   8 |  914.6 |
        Temple |     91 |     88 |      3 |      0 |     57 |   1 |   91.0 |
               +--------+--------+--------+--------+--------+-----+--------+

Top non-repeatable levels by time:
     D:2: 1474 daAuts
     D:3: 1409 daAuts
     D:1: 1405 daAuts
     D:5: 1019 daAuts
     D:7: 750 daAuts
     D:4: 535 daAuts
     D:8: 434 daAuts
     D:6: 288 daAuts
  Temple: 91 daAuts
